 Dungeon Crawl Stone Soup version 0.22-a0-224-g8cf3520 (webtiles) character file.

949 b5mith the Skirmisher (level 7, -4/64 HPs)
             Began as a Minotaur Berserker on Feb 19, 2018.
             Was a Priest of Trog.
             Killed by divine providence
             ... invoked by an orc priest
              (12 damage)
             ... on level 4 of the Dungeon.
             The game lasted 00:10:31 (3081 turns).

b5mith the Skirmisher (Minotaur Berserker)          Turns: 3081, Time: 00:10:31

Health: -4/64      AC:  6    Str: 22 (23) XL:     7   Next: 89%
Magic:  6/6        EV: 14    Int:  5 (8)  God:    Trog [***...]
Gold:   181        SH:  0    Dex: 12 (14) Spells: 6/6 levels left

rFire    . . .     SeeInvis .   a - +0 spear
rCold    . . .     Gourm    .   (no shield)
rNeg     . . .     Faith    .   b - +0 animal skin
rPois    .         Spirit   .   (helmet restricted)
rElec    .         Reflect  .   d - +1 cloak
rCorr    .         Harm     .   r - +0 pair of gloves
MR       .....                  (no boots)
Stlth    +.........             (no amulet)
HPRegen  0.20/turn              e - +4 ring of intelligence
MPRegen  0.10/turn              j - +4 ring of dexterity

@: no status effects
A: retaliatory headbutt, horns 2
a: Berserk, Trog's Hand, Renounce Religion


You were on level 4 of the Dungeon.
You worshipped Trog.
Trog was most pleased with you.
You were not hungry.

You visited 1 branch of the dungeon, and saw 4 of its levels.

You collected 181 gold pieces.

Inventory:

Hand Weapons
 a - a +0 spear (weapon)
Missiles
 g - 150 stones (quivered)
Armour
 b - a +0 animal skin (worn)
 d - a +1 cloak (worn)
 r - a +0 pair of gloves (worn)
Jewellery
 e - a +4 ring of intelligence (left hand)
 j - a +4 ring of dexterity (right hand)
Wands
 q - a wand of paralysis (15)
 u - a wand of random effects (16)
 y - a wand of disintegration (13)
Scrolls
 f - a scroll of remove curse {unknown}
 h - a scroll of random uselessness {unknown}
 l - a scroll of teleportation
 n - a scroll of fog
 s - a scroll of fear {unknown}
 w - 2 scrolls of amnesia {unknown}
Potions
 i - a potion of curing {unknown}
 k - a potion of degeneration
 m - 2 potions of heal wounds {unknown}
 o - a potion of lignification {unknown}
 p - a potion of ambrosia {unknown}
 t - a potion of resistance {unknown}
 v - a potion of cancellation {unknown}
Comestibles
 c - 5 rations
 x - 2 chunks of flesh


   Skills:
 + Level 6.5 Fighting
 + Level 6.4 Polearms
 + Level 5.9 Armour
 + Level 5.3 Dodging


You had 6 spell levels left.
You didn't know any spells.

Dungeon Overview and Level Annotations

Branches:
Dungeon (4/15)
 Temple: D:4-7

Altars:
Ashenzari
Qazlal
Ru


Innate Abilities, Weirdness & Mutations

You reflexively headbutt those who attack you in melee.
You have a pair of horns on your head.


Message History

You hit the orc wizard. Your headbutt misses the orc wizard.
The orc wizard is almost dead.
The orc priest mumbles some strange prayers to Beogh against you.
Beogh smites you!
* * * LOW HITPOINT WARNING * * *
You hit the orc wizard but do no damage.
The orc wizard is almost dead.
The orc wizard hits you but does no damage.
The orc priest mumbles some strange prayers to Beogh against you.
Beogh smites you!
* * * LOW HITPOINT WARNING * * *
The orc wizard mumbles some strange words.
The orc wizard flickers and vanishes!
Deactivating autopickup; reactivate with Ctrl-A.
It was a potion of degeneration.
There was something very wrong with that liquid.
You feel weakened.
You feel dopey.
You feel clumsy.
The orc priest mumbles some strange prayers to Beogh against you.
Beogh smites you!
You die...

###)#####......
#..)...........
#......).......
#....o.)..# #.#
#.........# #.#
#.........# #%# #
#....(....# #.# ..#
#.........# #.#####....#
######..#####H..@......#
#...!..oo#####....#
#......o.# .$#
######........# .
...)....../...#
######........# ##
####.###.##### .#
#..........
.#########.........


You could see a hippogriff, an orc priest and an orc.

Vanquished Creatures
  Pikel (D:4)
  Menkaure (D:4)
  A slave (D:4)
  An ogre (D:4)
  A howler monkey (D:4)
  A centaur skeleton (D:4)
  Ijyb (D:4)
  An orc wizard (D:4)
  Terence (D:3)
  A hound skeleton (D:4)
  Robin (D:3)
  2 adders (D:4)
  An ooze (D:4)
  4 worms
  2 dart slugs
  2 leopard geckos
  7 orcs (D:4)
  6 bats
  6 giant cockroaches
  17 goblins
  10 hobgoblins
  6 jackals (D:2)
  8 kobolds
  2 quokkas
  A ball python (D:3)
  3 frilled lizards (D:4)
  A quokka skeleton (D:4)
  4 rats
93 creatures vanquished.

Vanquished Creatures (others)
  A slave (D:4)
  An adder (D:4)
  2 orcs (D:4)
4 creatures vanquished.

Grand Total: 97 creatures vanquished

Notes
Turn   | Place    | Note
-------+----------+-------------------------------------------
     0 | D:1      | b5mith the Minotaur Berserker began the quest for the Orb.
     0 | D:1      | Reached XP level 1. HP: 19/19 MP: 0/0
   189 | D:1      | Reached XP level 2. HP: 25/27 MP: 1/1
   530 | D:1      | Reached ** piety under Trog
   717 | D:2      | Reached XP level 3. HP: 33/33 MP: 2/2
  1041 | D:2      | Found a sacrificial altar of Ru.
  1368 | D:3      | Found a stormy altar of Qazlal.
  1388 | D:3      | Reached XP level 4. HP: 41/41 MP: 3/3
  1431 | D:3      | Found a shattered altar of Ashenzari.
  1497 | D:3      | Noticed Robin
  1857 | D:3      | Noticed Terence
  1864 | D:3      | Killed Terence
  1892 | D:3      | Killed Robin
  2058 | D:4      | Noticed a slave
  2058 | D:4      | Noticed a slave
  2060 | D:4      | Noticed Pikel
  2064 | D:4      | Noticed a slave
  2073 | D:4      | Killed a slave
  2081 | D:4      | Killed Pikel
  2081 | D:4      | Reached skill level 5 in Fighting
  2081 | D:4      | Reached skill level 5 in Polearms
  2081 | D:4      | Reached skill level 5 in Armour
  2081 | D:4      | Reached XP level 5. HP: 48/50 MP: 4/4
  2081 | D:4      | Reached XP level 6. HP: 54/57 MP: 5/5
  2081 | D:4      | Reached XP level 7. HP: 59/62 MP: 6/6
  2202 | D:4      | Reached *** piety under Trog
  2224 | D:4      | Noticed Menkaure
  2236 | D:4      | Killed Menkaure
  2642 | D:4      | Reached skill level 5 in Dodging
  2720 | D:4      | Noticed Ijyb
  2733 | D:4      | Killed Ijyb
  3067 | D:4      | Noticed a hippogriff
  3081 | D:4      | Killed from afar by an orc priest

Vault maps used:
D:1:      lightli_arrival_flooded_house
D:2:      lemuel_doored_altar
D:3:      nicolae_qazlal_general_emergency, ashenzari_altar_1, uniq_robin,
          uniq_terence
D:4:      lemuel_coloured_pillars_altar, first_ration, hex_tiny, uniq_pikel,
          uniq_menkaure, uniq_ijyb

Skill      XL: |  1  2  3  4  5  6  7 |
---------------+----------------------+-----
Polearms       | 4 5 6 |  6.4
Armour         | 3 5 |  5.9
Fighting       | 4 5 6 |  6.5
Dodging        | 3 4 5 |  5.3

Action                   |  1- 3 |  4- 6 |  7- 9 || total
-------------------------+-------+-------+-------++-------
Melee: Spear             |   106 |    49 |    88 ||   243
       Headbutt          |    13 |    15 |    19 ||    47
Throw: Stone             |    15 |     8 |    24 ||    47
Invok: Berserk           |       |     1 |       ||     1
  Use: Scroll            |     1 |       |     2 ||     3
       Potion            |       |       |     1 ||     1
 Stab: Sleeping          |     4 |       |       ||     4
       Distracted        |       |     1 |     1 ||     2
  Eat: Chunk             |     1 |     2 |     2 ||     5
       Ration            |       |     1 |       ||     1
Armor: Animal skin       |    12 |     3 |     8 ||    23
Dodge: Dodged            |    39 |    16 |    27 ||    82

Table legend:
 A = Spawn XP
 B = Non-spawn XP
 C = Spawn XP percentage of total XP
 D = Spawn monster count
 E = Non-spawn monster count
 F = Spawn count percentage of total count
 G = Total turns spent on level
                    A         B        C        D         E        F      G
               +---------+---------+-------+---------+---------+-------+---------
         Total |       0 |    1356 |   0.0 |       0 |      92 |   0.0 |  3081
               +---------+---------+-------+---------+---------+-------+---------
           D:1 |       0 |      40 |   0.0 |       0 |      22 |   0.0 |   711
           D:2 |       0 |      53 |   0.0 |       0 |      24 |   0.0 |   797
           D:3 |       0 |      79 |   0.0 |       0 |      20 |   0.0 |   550
           D:4 |       0 |    1184 |   0.0 |       0 |      26 |   0.0 |  1023
               +---------+---------+-------+---------+---------+-------+---------
